 Dungeon Crawl Stone Soup version 0.30-a0-622-gddc90eaa04 (webtiles) character file.

Game seed: 15343346174304306268

44652 porpoise the Fighter (level 14, -10/84 HPs)
             Began as a Vine Stalker Brigand on Jan 10, 2023.
             Was a Believer of Uskayaw.
             Mangled by a death yak (17 damage)
             ... on level 4 of the Lair of Beasts on Jan 11, 2023.
             The game lasted 01:20:28 (15636 turns).

porpoise the Fighter (Vine Stalker Brigand)        Turns: 15636, Time: 01:20:29

Health: -10/84     AC: 14    Str: 15    XL:     14   Next: 29%
Magic:  0/20       EV: 16    Int: 11    God:    Uskayaw [**....]
Gold:   1051       SH:  0    Dex: 26    Spells: 7/13 levels left

rFire   + . .      SeeInvis .    a - +2 scimitar (flame)
rCold   . . .      Faith    .    (no shield)
rNeg    . . .      Spirit   +    O - +0 swamp dragon scales
rPois   +          Reflect  .    (no helmet)
rElec   .          Harm     .    L - +1 cloak {rCorr}
rCorr   +          Rampage  .    g - +0 pair of gloves
Will    +....                    C - +0 pair of boots
Stlth   ++++                     q - amulet of regeneration
HPRegen 1.94/turn                t - +6 ring of dexterity
MPRegen 0.17/turn                j - ring of protection from fire

@: no status effects
A: fangs 3, regeneration 1, magic shield, antimagic bite, no potion heal 2
a: Renounce Religion, Stomp, Line Pass


You were on level 4 of the Lair of Beasts.
You worshipped Uskayaw.
Uskayaw was noncommittal.
You visited 2 branches of the dungeon, and saw 17 of its levels.
You also visited: Sewer and Volcano.

You collected 1051 gold pieces.

Inventory:

Hand Weapons
 a - a +2 scimitar of flaming (weapon)
 b - a +2 sling of draining
 H - the +6 falchion of Okawaru's Reproof {heavy, rPois Dex-3 Stlth+}
   (You found it on level 3 of the Lair of Beasts)

   Dex:       It affects your dexterity (-3).
   rPois:     It protects you from poison.
   Stlth:     It makes you more stealthy.
Missiles
 e - 3 curare-tipped darts (quivered)
 s - 6 datura-tipped darts
 x - 9 poisoned darts
Armour
 g - a +0 pair of gloves (worn)
 v - the +0 helmet of Gecw {rCorr Dex+7 Slay-5}
   (You found it on level 2 of the Lair of Beasts)

   Dex:       It affects your dexterity (+7).
   Slay:      It affects your accuracy & damage with ranged weapons and melee
   (-5).
   rCorr:     It protects you from acid and corrosion.
 C - a +0 pair of boots (worn)
 L - a +1 cloak of preservation (worn)
 M - the +3 leather armour of Trumpets {rPois Int+2}
   (You found it on level 4 of the Lair of Beasts)

   Int:       It affects your intelligence (+2).
   rPois:     It protects you from poison.
 O - +0 swamp dragon scales (worn)
Magical Staves
 G - a staff of air
Jewellery
 j - a ring of protection from fire (right hand)
 q - an amulet of regeneration (around neck)
 t - a +6 ring of dexterity (left hand)
Wands
 k - a wand of quicksilver (8)
 u - a wand of charming (1)
 z - a wand of digging (20)
 E - a wand of roots (4)
 Z - a wand of flame (25)
Scrolls
 d - 3 scrolls of silence
 f - 4 scrolls of teleportation
 l - a scroll of summoning
 m - 3 scrolls of fear
 n - 2 scrolls of poison
 p - 2 scrolls of magic mapping
 r - 4 scrolls of fog
 y - a scroll of vulnerability
 A - 13 scrolls of identify
 F - a scroll of enchant weapon
 K - a scroll of noise
Potions
 c - 2 potions of invisibility
 h - a potion of cancellation
 i - a potion of attraction
 o - 3 potions of lignification
 w - a potion of brilliance
 B - 4 potions of resistance
 D - a potion of curing
 I - a potion of haste
 W - 2 potions of might
Miscellaneous
 J - a tin of tremorstones (2/2)


   Skills:
 - Level 14.0 Fighting
 - Level 10.1(12.0) Short Blades
 + Level 10.4(12.1) Long Blades
 - Level 1.7 Throwing
 - Level 7.0 Armour
 - Level 7.0 Dodging
 - Level 7.0 Stealth
 + Level 7.5 Invocations
 - Level 5.0 Evocations


You had 7 spell levels left.
You knew the following spells:

 Your Spells              Type           Power      Damage    Failure   Level
a - Manifold Assault      Tloc           0%         N/A       99%         4
k - Blink                 Tloc           0%         N/A       67%         2

Your spell library contained the following spells:

 Spells                   Type           Power      Damage    Failure   Level
 Apportation              Tloc           0%         N/A       54%         1
 Magic Dart               Conj           0%         1d3       54%         1
 Call Imp                 Summ           0%         N/A       67%         2
 Cigotuvi's Dreadful Rot  Necr/Pois/Air  0%         N/A       67%         2
 Ensorcelled Hibernation  Hex/Ice        0%         N/A       67%         2
 Passwall                 Tmut/Erth      0%         N/A       67%         2
 Poisonous Vapours        Pois/Air       0%         N/A       67%         2
 Searing Ray              Conj           0%         2d4       67%         2
 Sublimation of Blood     Necr           0%         N/A       67%         2
 Wereblood                Tmut           0%         N/A       67%         2
 Mephitic Cloud           Conj/Pois/Air  0%         N/A       88%         3
 Ozocubu's Armour         Ice            0%         N/A       88%         3
 Summon Guardian Golem    Hex/Summ       0%         N/A       88%         3
 Swiftness                Air            0%         N/A       88%         3
 Airstrike                Air            0%         2d(0-16)  99%         4
 Fulminant Prism          Conj/Hex       0%         3d5       99%         4
 Petrify                  Tmut/Erth      0%         N/A       99%         4
 Summon Lightning Spire   Summ/Air       0%         N/A       99%         4
 Alistair's Intoxication  Tmut/Pois      0%         N/A       100%        5
 Irradiate                Conj/Tmut      0%         3d11      100%        5
 Lightning Bolt           Conj/Air       0%         1d11      100%        5
 Metabolic Englaciation   Hex/Ice        0%         N/A       100%        5
 Simulacrum               Ice/Necr       0%         N/A       100%        6
 Orb of Destruction       Conj           0%         9d5       100%        7
 Spellforged Servitor     Conj/Summ      0%         N/A       100%        7
 Storm Form               Tmut/Air       0%         N/A       100%        7
 Summon Hydra             Summ           0%         N/A       100%        7


Dungeon Overview and Level Annotations

Branches:
Dungeon (12/15)            Temple (0/1) D:7            Lair (5/5) D:8
 Shoals (0/4) Lair:2       Spider (0/4) Lair:2          Orc (0/2) D:9
  Sewer (visited)         Volcano (visited)
  Slime: Lair:4-5

Altars:
Ashenzari
Hepliaklqana
Uskayaw
Vehumet
Zin

Shops:
D:2 (   D:7 ?


Innate Abilities, Weirdness & Mutations

You have razor-sharp teeth.
Your natural rate of healing is unusually fast.
When hurt, damage is shared between your health and your magic reserves.
Your bite disrupts and absorbs the magic of your enemies.
Potions cannot restore your health.


Message History

The death yak barely misses you. x2
You climb upwards.
There is a stone staircase leading down, spattered with blood here.
Okay, then.
Unknown command.
You hit the death yak but do no damage. The death yak gores you! x2
The death yak misses you.
You slice the death yak!! You burn the death yak. You bite the death yak!
You drain its power.
You feel invigorated.
The death yak is moderately wounded.
The death yak gores you!
The death yak gores you but does no damage.
The death yak gores you!
You completely miss the death yak. You bite the death yak. You drain its power.
You feel invigorated.
The death yak is moderately wounded.
You hit the death yak. You burn the death yak.
The death yak is moderately wounded.
The death yak closely misses you. The death yak gores you. x2
You hit the death yak but do no damage. You bite the death yak.
You drain its power.
You feel invigorated.
The death yak is heavily wounded.
The death yak gores you! The death yak barely misses you.
The death yak closely misses you.
You completely miss the death yak. You bite the death yak. You drain its power.
You feel invigorated.
The death yak is heavily wounded.
The death yak closely misses you. The death yak barely misses you. x2
You can now pass through a line of other dancers.
You slash the death yak! You burn the death yak. You bite the death yak!
You drain its power.
You feel invigorated.
The death yak is severely wounded.
The death yak gores you! x2; The death yak gores you!!
* * * LOW HITPOINT WARNING * * *
You slice the death yak!! You burn the death yak. You bite the death yak!
You kill the death yak!
You hit the death yak but do no damage. The death yak gores you!!
* * * LOW HITPOINT WARNING * * *
The death yak gores you!!
You die...

.## ###..# ..##### #..P# ..#...#
#...# ...#.## ##..## ..†...#
##..#.# .....## #...### #.....##
### ### ###...####### ##
.##....###.###.#####..##P##..###.
#####.....##...Y@.#......#...P...
.# #......<...Y.†...............
## #............................
##.............+#.............
#....#....##.....###...##.....
###.#.....#......##...........
#..#.....##.....#............
##.......##..8..#......#.....
##..#...8..#.....#..8..##.....


You could see 2 death yaks.

Vanquished Creatures
  Snorg (D:12)
  5 hydras
  Erica (D:8)
  A centaur warrior (D:9)
  A boulder beetle (D:11)
  2 two-headed ogres
  3 death yaks
  Urug (D:12)
  A salamander mystic (Volcano)
  Pikel (D:4)
  An oklob plant (Lair:3)
  A deep elf pyromancer (D:12)
  2 ugly things
  3 manticores
  18 elephants
  4 salamanders (Volcano)
  3 black mambas
  Joseph (D:8)
  2 torpor snails
  6 cane toads
  Maggie (D:8)
  2 unseen horrors (D:12)
  A rime drake (Lair:4)
  4 komodo dragons
  2 trolls
  3 polar bears (Lair:4)
  7 blink frogs
  2 shadows
  21 yaks
  4 wyverns
  A water elemental (D:12)
  Sigmund (D:2)
  4 wraiths
  A human (D:9)
  4 basilisks
  A steam dragon (D:8)
  Grum (D:9)
  Edmund (D:5)
  A warg (D:9)
  9 water moccasins
  3 acid dragons
  3 orc warriors
  4 black bears
  2 ice beasts (D:7)
  2 ogres
  A sky beast (D:7)
  42 wolves
  A centaur (D:8)
  3 phantoms
  A kobold brigand (D:11)
  2 lemures (D:4)
  Blork the orc (D:4)
  2 necrophages
  12 bullfrogs
  4 gnoll sergeants
  4 scorpions
  11 killer bees
  An electric eel (D:12)
  6 howler monkeys
  5 hounds
  8 orc priests
  3 gnoll boudas
  2 jellies
  Crazy Yiuf (D:6)
  Jessica (D:3)
  2 iguanas (D:6)
  8 orc wizards
  A hell rat (Sewer)
  18 gnolls
  13 adders
  4 river rats
  A shadow imp (D:5)
  A white imp (D:5)
  2 ufetubi
  2 worms
  3 dart slugs
  38 orcs
  11 ball pythons
  2 endoplasms
  2 giant cockroaches
  6 goblins
  14 hobgoblins
  7 quokkas
  3 bats
  2 frilled lizards
  8 kobolds
  11 rats
413 creatures vanquished.

Vanquished Creatures (collateral kills)
  A red draconian (Volcano)
  A salamander (Volcano)
  A centaur (D:8)
  3 orcs
6 creatures vanquished.

Vanquished Creatures (others)
  A salamander (Volcano)
  12 fungi
  16 plants
29 creatures vanquished.

Grand Total: 448 creatures vanquished

Notes
Turn   | Place    | Note
-------+----------+-------------------------------------------
     0 | D:1      | porpoise the Vine Stalker Brigand began the quest for the
                  | Orb.
     0 | D:1      | Reached XP level 1. HP: 11/11 MP: 2/2
    46 | D:1      | Reached skill level 2 in Fighting
    61 | D:1      | Reached XP level 2. HP: 11/15 MP: 3/3
   341 | D:1      | Found a faded altar of an unknown god.
   636 | D:1      | You fall into a shaft and drop 1 floor!
   712 | D:2      | Reached XP level 3. HP: 14/18 MP: 4/4
   805 | D:2      | Found Feibo's Weapon Shop.
  1675 | D:3      | Noticed Sigmund
  1813 | D:2      | Killed Sigmund
  1814 | D:2      | Reached skill level 3 in Fighting
  1814 | D:2      | Gained mutation: Your natural rate of healing is unusually
                  | fast. [Vine Stalker growth]
  1814 | D:2      | Reached XP level 4. HP: 24/24 MP: 5/5
  1814 | D:2      | Reached XP level 5. HP: 28/28 MP: 6/6
  2002 | D:3      | Reached XP level 6. HP: 31/32 MP: 7/7
  2076 | D:3      | Noticed Jessica
  2078 | D:3      | Killed Jessica
  2193 | D:3      | HP: 2/48 [orc priest/+0 flail of venom (2)]
  2196 | D:3      | Gained mutation: Your body sometimes deteriorates upon
                  | taking damage. [potion of mutation]
  2204 | D:3      | Reached skill level 5 in Short Blades
  2544 | D:4      | Lost mutation: Your body sometimes deteriorates upon taking
                  | damage. [potion of mutation]
  2544 | D:4      | Gained mutation: You are weak. (Str -2) [potion of
                  | mutation]
  2544 | D:4      | Gained mutation: You are dopey. (Int -2) [potion of
                  | mutation]
  2544 | D:4      | Gained mutation: You are robust. (+10% HP) [potion of
                  | mutation]
  2544 | D:4      | Gained mutation: Your spells are a little harder to cast,
                  | but a little more powerful. [potion of mutation]
  2608 | D:4      | Reached skill level 4 in Fighting
  2612 | D:4      | Reached XP level 7. HP: 32/40 MP: 8/8
  2684 | D:4      | Lost mutation: You are weak. (Str -2) [potion of mutation]
  2684 | D:4      | Lost mutation: Your spells are a little harder to cast, but
                  | a little more powerful. [potion of mutation]
  2684 | D:4      | Lost mutation: You are robust. (+10% HP) [potion of
                  | mutation]
  2684 | D:4      | Lost mutation: You are dopey. (Int -2) [potion of mutation]
  2990 | D:5      | Entered Level 5 of the Dungeon
  3006 | D:5      | Noticed Blork the orc
  3008 | D:5      | Noticed Pikel
  3088 | D:4      | Killed Pikel
  3089 | D:4      | Gained mutation: You have razor-sharp teeth. [Vine Stalker
                  | growth]
  3089 | D:4      | Reached XP level 8. HP: 35/42 MP: 4/9
  3095 | D:4      | Killed Blork the orc
  3096 | D:4      | Reached skill level 5 in Fighting
  3126 | D:5      | Reached skill level 1 in Dodging
  3136 | D:5      | Found a glowing drain.
  3170 | Sewer    | Entered a sewer
  3262 | Sewer    | Reached skill level 1 in Armour
  3476 | D:5      | Noticed Edmund
  3489 | D:5      | Killed Edmund
  3915 | D:5      | Identified a scroll of acquirement
  3915 | D:5      | Acquired a manual of Fighting
  3966 | D:5      | Found a hide-covered altar of Uskayaw.
  3969 | D:5      | Found a radiant altar of Vehumet.
  3974 | D:5      | Found a hazy altar of Hepliaklqana.
  3985 | D:5      | Became a worshipper of Uskayaw the Reveller
  4112 | D:5      | Reached * piety under Uskayaw
  4115 | D:5      | Reached XP level 9. HP: 47/47 MP: 10/10
  4148 | D:5      | Reached ** piety under Uskayaw
  4344 | D:6      | Reached *** piety under Uskayaw
  4352 | D:6      | Reached **** piety under Uskayaw
  4391 | D:6      | Reached ***** piety under Uskayaw
  4841 | D:6      | Found a runed translucent door.
  4842 | D:6      | Noticed Crazy Yiuf
  4850 | D:6      | Killed Crazy Yiuf
  4957 | D:7      | Found a staircase to the Ecumenical Temple.
  5014 | D:7      | Reached XP level 10. HP: 44/51 MP: 8/11
  5027 | D:7      | Learned a level 2 spell: Blink
  5032 | D:7      | Learned a level 4 spell: Manifold Assault
  5068 | D:7      | Reached skill level 1 in Invocations
  5229 | D:7      | Reached skill level 5 in Armour
  5369 | D:7      | Reached skill level 5 in Dodging
  5397 | D:7      | Reached skill level 5 in Stealth
  5511 | D:7      | Found Rizirun's Magic Scroll Boutique.
  5885 | D:8      | Noticed Erica
  5890 | D:8      | Noticed Maggie
  5902 | D:8      | Killed Erica
  5914 | D:8      | Killed Maggie
  6003 | D:8      | Noticed Joseph
  6014 | D:8      | Killed Joseph
  6015 | D:8      | Reached skill level 10 in Short Blades
  6105 | D:8      | Noticed a two-headed ogre
  6120 | D:8      | Killed a two-headed ogre
  6121 | D:8      | Reached skill level 5 in Invocations
  6121 | D:8      | Reached XP level 11. HP: 22/56 MP: 6/16
  6202 | D:8      | Found a staircase to the Lair.
  6216 | D:8      | Reached skill level 6 in Fighting
  6216 | D:8      | Reached skill level 1 in Long Blades
  6918 | D:9      | Found a staircase to the Orcish Mines.
  6940 | D:9      | Reached ****** piety under Uskayaw
  6947 | D:9      | Reached skill level 7 in Fighting
  7389 | D:9      | Found a broken altar of Ashenzari.
  7459 | D:9      | Noticed a centaur warrior
  7480 | D:9      | Killed a centaur warrior
  7747 | D:9      | Noticed Grum
  7772 | D:9      | Killed Grum
  7773 | D:9      | Reached skill level 8 in Fighting
  7964 | Lair:1   | Entered Level 1 of the Lair of Beasts
  8046 | Lair:1   | Found a dark tunnel.
  8064 | Volcano  | Entered a volcano
  8083 | Volcano  | Noticed a salamander mystic
  8100 | Volcano  | Killed a salamander mystic
  8181 | Volcano  | Found a burning altar of Makhleb.
  8184 | Volcano  | Noticed a red draconian
  8192 | Volcano  | Noticed a salamander
  8193 | Volcano  | Noticed a salamander
  8198 | Volcano  | Killed a salamander
  8202 | Volcano  | Noticed a salamander
  8212 | Volcano  | Killed a salamander
  8213 | Volcano  | Reached skill level 1 in Evocations
  8213 | Volcano  | HP: 2/60 [salamander/+0 spear (4)]
  8217 | Volcano  | Killed a salamander
  8308 | Volcano  | Noticed a salamander
  8308 | Volcano  | Noticed a salamander
  8308 | Volcano  | Noticed a salamander
  8317 | Volcano  | HP: 1/60 [red draconian/+1 flail of flaming (3)]
  8347 | Volcano  | Killed a red draconian
  8348 | Volcano  | Reached skill level 9 in Fighting
  8348 | Volcano  | Killed a salamander
  8375 | Volcano  | Killed a salamander
  8595 | Lair:1   | Reached XP level 12. HP: 67/67 MP: 15/18
  8599 | Lair:1   | Reached skill level 5 in Long Blades
  8964 | Lair:1   | Reached skill level 10 in Fighting
  9442 | D:10     | Entered Level 10 of the Dungeon
  9949 | D:10     | Noticed a two-headed ogre
  9951 | D:10     | Identified the +10 battleaxe of Untimely Demise {heavy, rF-
                  | MP+9 Str+10}
  9967 | D:10     | Killed a two-headed ogre
 10490 | D:11     | Noticed a boulder beetle
 10502 | D:11     | Killed a boulder beetle
 10982 | D:11     | Reached skill level 11 in Fighting
 11199 | D:12     | Noticed Urug
 11207 | D:12     | Killed Urug
 11208 | D:12     | Reached skill level 5 in Evocations
 11695 | D:12     | Upgraded the game from 0.30-a0-618-gd6c86c23d0 to
                  | 0.30-a0-622-gddc90eaa04
 11726 | D:12     | Noticed Snorg
 11738 | D:12     | Killed Snorg
 12084 | D:12     | Reached skill level 12 in Fighting
 12463 | Lair:2   | Noticed an eight-headed hydra
 12473 | Lair:2   | Killed a five-headed hydra
 12474 | Lair:2   | Reached XP level 13. HP: 42/75 MP: 13/19
 12642 | Lair:2   | Found a staircase to the Shoals.
 12959 | Lair:2   | Found a hole to the Spider Nest.
 13009 | Lair:2   | Reached skill level 13 in Fighting
 13127 | Lair:2   | Identified the +0 helmet of Gecw {rCorr Dex+7 Slay-5}
 14085 | Lair:3   | Reached skill level 14 in Fighting
 14186 | Lair:3   | Identified the +6 falchion of Okawaru's Reproof {heavy,
                  | rPois Dex-3 Stlth+}
 14657 | Lair:4   | Reached XP level 14. HP: 84/84 MP: 20/20
 14761 | Lair:4   | Reached skill level 10 in Long Blades
 14989 | Lair:4   | Identified the +3 leather armour of Trumpets {rPois Int+2}
 15328 | Lair:4   | Found a glowing silver altar of Zin.
 15585 | Lair:5   | Entered Level 5 of the Lair of Beasts
 15636 | Lair:4   | Mangled by a death yak

Illustrated notes

Levels and vault maps discovered:
D:1:      psy_arrival_spokes, layout_basic, serial_corexii_hall,
          corexii_hall_statues_u, chequers_hall_statues_corner_a,
          corexii_hall_statues_s, dreamdust_ecumenical_altar_grove,
          minmay_nonomino_d4
D:2:      layout_basic, serial_corexii_hall, corexii_hall_statues_t,
          chequers_hall_statues_corner_a, serial_shops,
          nicolae_shop_bloodbath_and_beyond
D:3:      layout_rooms, uniq_sigmund, uniq_jessica
D:4:      layout_basic
D:5:      layout_basic, grunt_temple_overflow_diamond, portal_sewer_entry_c,
          uniq_edmund, uniq_pikel, uniq_blork_the_orc
D:6:      layout_rooms, uniq_crazy_yiuf_cottage
D:7:      layout_cave_pools, minmay_temple_entry_glass, serial_gnoll_camp,
          gnoll_camp_mini_house, gnoll_camp_mini_shop, gnoll_camp_mini_hut,
          gnoll_camp_mini_loothouse, gnoll_camp_mini_hut,
          gnoll_camp_mini_sergeant
D:8:      layout_loops_ring, david_lair_generic, sigmund_army, uniq_erica,
          uniq_joseph, uniq_maggie
D:9:      layout_irregular_city, nicolae_ashenzari_panopticon, erik_orc_4,
          lightli_fourway_metalbox, uniq_grum
D:10:     layout_grid_maze
D:11:     layout_basic, hangedman_decor_growths, hangedman_corner_corridor
D:12:     layout_roguey, kennysheep_generic_room_16, uniq_urug, uniq_snorg
Lair:1:   layout_loops_ring, enter_volcano_4, serial_bayou_shore_b
Lair:2:   beast_lair_carwin_large_2, layout_regular_city,
          elwin_shoals_entry_rocks, spider_nest_entry_web_field
Lair:3:   layout_chaotic_city, grunt_forest_large_clearings
Lair:4:   layout_hall_layers, basic_altar, serial_bayou_shore_b,
          serial_bayou_shore_b, grunt_megastairs_3
Lair:5:   grunt_lair_end_beastmaster, layout_cave_pods, dpeg_slime_entry_corner,
          st_stairs_9, wad_woods_06, ldierk_geyser,
          nicolae_quartered_pool_little, nicolae_lair_grazing_beasts
          [nicolae_sub_lair_graze_edge, nicolae_sub_lair_graze_edge,
          nicolae_sub_lair_graze_edge, nicolae_sub_lair_graze_edge]

Skill      XL: |  1  2  3  4  5  6  7  8  9 10 11 12 13 14 |
---------------+-------------------------------------------+-----
Short Blades   | 2 4 5 7 9 10 | 10.1
Fighting       | 2 3 4 5 9 12 14 | 14.0
Dodging        | 2 4 5 7 |  7.0
Armour         | 2 4 5 6 7 |  7.0
Invocations    | 5 7 |  7.5
Stealth        | 7 |  7.0
Long Blades    | 4 7 9 10 | 10.4
Evocations     | 2 5 |  5.0
Throwing       | |  1.7

Action                   |  1- 3 |  4- 6 |  7- 9 | 10-12 | 13-15 || total
-------------------------+-------+-------+-------+-------+-------++-------
Melee: Dagger            |    38 |    66 |   174 |       |       ||   278
       Bite              |     6 |    20 |   103 |   174 |   125 ||   428
       Punch             |       |       |     3 |     6 |     5 ||    14
       Dire flail        |       |       |    29 |     2 |       ||    31
       Short sword       |       |       |    69 |   152 |       ||   221
       Scimitar          |       |       |       |   306 |   318 ||   624
       Battleaxe         |       |       |       |     5 |       ||     5
       Falchion          |       |       |       |       |    20 ||    20
 Fire: Sling             |    37 |    45 |    96 |    88 |    87 ||   353
       Shortbow          |       |       |       |    13 |       ||    13
Throw: Dart              |     3 |     4 |       |    22 |       ||    29
Invok: Stomp             |       |       |       |       |     2 ||     2
       Line Pass         |       |       |       |       |     1 ||     1
Evoke: Wand              |       |       |       |    21 |       ||    21
  Use: Potion            |       |    10 |     4 |     6 |       ||    20
       Scroll            |       |     1 |     9 |    12 |     1 ||    23
 Stab: Sleeping          |     5 |     1 |     3 |     7 |     1 ||    17
       Invisible         |       |     2 |       |       |       ||     2
       Paralysed         |       |       |     3 |    36 |    35 ||    74
       Distracted        |       |       |       |     1 |     1 ||     2
Armor: Robe              |     7 |       |       |       |       ||     7
       Ring mail         |    14 |    14 |    58 |       |       ||    86
       Skin              |       |    27 |       |     2 |       ||    29
       Scale mail        |       |       |     6 |    47 |       ||    53
       Swamp dragon scal |       |       |       |   146 |   150 ||   296
Dodge: Dodged            |    15 |    30 |   141 |   365 |   314 ||   865

Table legend: (Time is in decaauts)
 A = Elapsed time spent in this place.
 B = Non-inter-level travel time spent in this place.
 C = Inter-level travel time spent in this place.
 D = Time resting spent in this place.
 E = Time spent auto-exploring this place.
 F = Levels seen in this place.
 G = Mean time per level.
                   A        B        C        D        E       F      G
               +--------+--------+--------+--------+--------+-----+--------+
         Total |  15547 |  14870 |    677 |   2871 |   8308 |  19 |  818.3 |
       Dungeon |  10676 |  10213 |    463 |   1988 |   5985 |  12 |  889.7 |
          Lair |   4260 |   4046 |    214 |    624 |   2312 |   5 |  852.0 |
         Sewer |    133 |    133 |      0 |     16 |     11 |   1 |  133.0 |
       Volcano |    477 |    477 |      0 |    243 |      0 |   1 |  477.0 |
               +--------+--------+--------+--------+--------+-----+--------+

Top non-repeatable levels by time:
     D:9: 1130 daAuts
     D:5: 1111 daAuts
     D:8: 1103 daAuts
    D:12: 1079 daAuts
  Lair:1: 1077 daAuts
  Lair:3: 1070 daAuts
     D:2: 1068 daAuts
  Lair:2: 1059 daAuts
  Lair:4: 1048 daAuts
    D:11: 884 daAuts
    D:10: 850 daAuts
     D:1: 847 daAuts
     D:7: 812 daAuts
     D:6: 625 daAuts
     D:3: 606 daAuts
